AoeStats
← TVHG.Demian

Arabia

508089714Analyzed
1v1 RM · 13d ago on Sep 20, 2026· 39m 49s· 2 players
Game mode
Random Map
Map size
Tiny (2 player)
Population
200
Speed
Normal
Resources
Standard
Victory
Conquest
Starting age
Dark Age
Ending age
Imperial Age
RankedLock teamsTeams togetherTeam positionsShared explorationLock speedFull tech treeHidden civsTurbo modeCheats
Victory
Defeat
🇺🇸 Burgundians · United States
1362
+16
🇦🇷 Inca · Argentina
1366
-16
Feudalplay
3:27 Double-Bit Axe
6:56 Loom
10:09 Feudal Age
9:32 Horse Collar
11:06 Bow Saw
11:34 Heavy Plow
16:05 Fletching
21:55 Castle Age
20:42 Arson
21:00 Scale Mail Armor
22:14 Gold Mining
23:44 Two-Man Saw
23:21 Wheelbarrow
22:57 Padded Archer Armor
22:55 Bodkin Arrow
22:21 Elite Skirmisher
26:20 Crop Rotation
27:23 Chain Mail Armor
27:43 Forging
32:26 Imperial Age
32:57 Scale Barding Armor
32:47 Cavalier
34:36 Chain Barding Armor
34:52 Iron Casting
35:00 Conscription
34:33 Paladin
36:25 Chemistry
37:05 Hand Cart
TVHG.Demian
6:37 Loom
6:41 Loom
10:05 Feudal Age
10:41 Double-Bit Axe
11:30 Horse Collar
20:17 Scale Mail Armor
20:27 Forging
23:12 Castle Age
21:31 Gold Mining
21:38 Champi Runner
22:40 Town Watch
23:28 Champi Warrior
27:55 Wheelbarrow
29:16 Chain Mail Armor
35:34 Iron Casting
40:16 Imperial Age
39:04 Bow Saw
Connection lost

Rejoining the realm…

Still unreachable

The connection could not be restored.

Session expired

The server has moved on; the page needs a fresh start.